 Dungeon Crawl Stone Soup version 0.28.0-53-g5a82cb258f (webtiles) character file.

Game seed: 6189415623546038604

4 Tiocfaidh the Slasher (level 1, 0/18 HPs)
             Began as a Barachi Cinder Acolyte on June 4, 2022.
             Was a High Priest of Ignis.
             Slain by a jackal (2 damage)
             ... on level 1 of the Dungeon.
             The game lasted 00:01:04 (135 turns).

Tiocfaidh the Slasher (Barachi Cinder Acolyte)       Turns: 135, Time: 00:01:04

Health: 0/18       AC:  2    Str: 15    XL:     1   Next: 60%
Magic:  2/2        EV: 11    Int: 14    God:    Ignis [*****.]
Gold:   16         SH:  0    Dex:  7    Spells: 2/2 levels left

rFire   + . .      SeeInvis .   a - -1 falchion (flame)
rCold   . . .      Faith    .   (no shield)
rNeg    . . .      Spirit   .   b - +0 robe
rPois   .          Reflect  .   (no helmet)
rElec   .          Harm     .   (no cloak)
rCorr   .          Rampage  .   (no gloves)
Will    .....                   (no boots)
Stlth   +.........              (no amulet)
HPRegen 0.06/turn               (no ring)
MPRegen 0.08/turn               (no ring)

@: slow
A: amphibious, slowness 1, strong legs 1, +LOS
a: Hop, Renounce Religion, Fiery Armour, Foxfire Swarm, Rising Flame


You were on level 1 of the Dungeon.
You worshipped Ignis.
Ignis was extremely pleased with you.
You visited 1 branch of the dungeon, and saw 1 of its levels.

You collected 16 gold pieces.

Inventory:

Hand Weapons
 a - a -1 falchion of flaming (weapon)
Armour
 b - a +0 robe (worn)
Jewellery
 c - a ring of protection from cold


   Skills:
 + Level 3.6 Fighting
 + Level 3.7 Long Blades
 + Level 1.1 Spellcasting
 + Level 3.5 Fire Magic


You had 2 spell levels left.
You didn't know any spells.
Your spell library contained the following spells:

 Spells                   Type           Power      Damage    Failure   Level
 Scorch                   Fire           20%        2d6       10%         2


Dungeon Overview and Level Annotations

Branches:
Dungeon (1/15)

Altars:


Innate Abilities, Weirdness & Mutations

You are amphibious.
You cover ground slowly.
You can hop short distances.
You have an extended range of vision and can be seen from far away.


Message History

You barely miss the jackal. The jackal barely misses you.
The jackal bites you but does no damage.
You closely miss the jackal. The jackal bites you.
You closely miss the jackal.
The jackal bites you but does no damage.
The jackal closely misses you.
You closely miss the jackal.
The jackal bites you but does no damage.
You hit the jackal. You burn the jackal.
The jackal is heavily wounded.
The jackal barely misses you.
A jackal comes into view.
The jackal bites you but does no damage.
You hit the jackal but do no damage.
The jackal is heavily wounded.
The jackal barely misses you.
You closely miss the jackal.
The jackal is heavily wounded.
The jackal barely misses you. The jackal bites you.
You barely miss the jackal.
The jackal is heavily wounded.
The jackal bites you.
You closely miss the jackal. The jackal bites you.
* * * LOW HITPOINT WARNING * * *
You hit the jackal but do no damage. Your punch misses the jackal.
The jackal bites you but does no damage.
The jackal barely misses you.
You closely miss the jackal.
The jackal bites you but does no damage.
You miss the jackal. The jackal bites you.
* * * LOW HITPOINT WARNING * * *
The jackal bites you.
* * * LOW HITPOINT WARNING * * *
You hit the jackal. You burn the jackal.
You kill the jackal!
The jackal misses you.
You closely miss the jackal.
The jackal is heavily wounded.
The jackal bites you.
You die...

### #. .(# .. #.# ..
#h# #.###.# #h#
#....$. ######@#
###....##......#
..........##########
###.......# #......#
#.......# #.####.#
###.....###.# #.#
.......#.....# #.#
#################.#
#...#...#....#.#####


You could see 2 jackals.

Vanquished Creatures
  An endoplasm (D:1)
  A jackal (D:1)
  A kobold (D:1)
3 creatures vanquished.

Notes
Turn   | Place    | Note
-------+----------+-------------------------------------------
     0 | D:1      | Tiocfaidh the Barachi Cinder Acolyte began the quest for
                  | the Orb.
     0 | D:1      | Reached XP level 1. HP: 18/18 MP: 2/2
    70 | D:1      | Found a faded altar of an unknown god.
   135 | D:1      | Slain by a jackal

Illustrated notes

Levels and vault maps discovered:
D:1:      minmay_arrival_nine_rooms, layout_basic,
          ebering_ecumenical_altar_petrified

Action                   || total
-------------------------++-------
Melee: Falchion          ||    22
Armor: Robe              ||     7
Dodge: Dodged            ||    13
